General information
			
			
        
        - name: HighUpInTheSKY
 
        - type: Custom game
 
        - host: HighUpInTheSKY
 
        - saver: TIMG4STRok
 
        
map: EchoIsles 
        - players: 4
 
        - length: 27:15
 
        - speed: Fast
 - version: 1.22 W3XP
 - replay type:  

 
» download(176 KB)
Players
        team 1 (winner) 
              
              
TIMG4STRok (
gray | 152 APM | 4137 actions | 27:15)
              
 5 Warden 
 2 Shadow Strike
 3 Blink
 4 Pandaren Brewmaster 
 2 Breath of Fire
 1 Drunken Brawler
 1 Drunken Haze
 
                » actions 
                
                | Assign group hotkey | 33 |  | 
| Basic commands | 155 |  | 
| Build / train | 77 |  | 
| ESC pressed | 5 |  | 
| Enter build submenu | 18 |  | 
| Enter hero's abilities submenu | 9 |  | 
| Give item / drop item | 4 |  | 
| Right click | 1859 |  | 
| Select / deselect | 344 |  | 
| Select group hotkey | 1475 |  | 
| Use ability | 158 |  | 
                4137 total
 » units 
                
                | Wisp | 16 |  | 
| Archer | 5 |  | 
| Dryad | 9 |  | 
| Druid of the Claw | 7 |  | 
                37 total
 » upgrades
                
                | Abolish Magic | 1 |  | 
| Strength of the Wild | 2 |  | 
| Well Spring | 1 |  | 
| Reinforced Hides | 1 |  | 
| Druid of the Claw Training | 2 |  | 
| Ultravision | 1 |  | 
                8 total
 » buildings
                
                | Altar of Elders | 1 |  | 
| Moon Well | 6 |  | 
| Ancient of War | 1 |  | 
| Tree of Ages | 1 |  | 
| Hunter's Hall | 1 |  | 
| Ancient Protector | 3 |  | 
| Ancient of Lore | 2 |  | 
| Ancient of Wonders | 1 |  | 
| Tree of Eternity | 2 |  | 
| Tree of Life | 3 |  | 
                21 total
 » build order
                00:05 Altar of Elders
00:17 Moon Well
00:30 Ancient of War
01:42 Moon Well
02:42 Tree of Ages
02:58 Hunter's Hall
04:15 Ancient Protector
04:16 Ancient Protector
05:02 Moon Well
05:08 Ancient of Lore
07:17 Ancient of Wonders
07:19 Moon Well
07:47 Tree of Eternity
07:47 Tree of Eternity
08:54 Moon Well
11:20 Ancient of Lore
13:21 Moon Well
14:05 Tree of Life
19:36 Ancient Protector
21:58 Tree of Life
24:04 Tree of Life
» items
                
                | Boots of Speed | 1 |  | 
| Staff of Preservation | 1 |  | 
| Potion of Healing | 5 |  | 
| Scroll of Healing | 1 |  | 
| Scroll of Town Portal | 2 |  | 
| Orb of Venom | 1 |  | 
| Anti-magic Potion | 2 |  | 
| Potion of Lesser Invulnerability | 3 |  | 
                16 total
  
               team 2 (loser) 
              
              
s.kb)iMMorTaL. (
purple | 100 APM | 2732 actions | 27:14)
              
 5 Death Knight 
 3 Death Coil
 1 Unholy Aura
 1 Death Pact
 3 Lich 
 2 Frost Nova
 1 Frost Armor
 3 Dark Ranger 
 2 Black Arrow
 1 Silence
 
                » actions 
                
                | Assign group hotkey | 266 |  | 
| Basic commands | 39 |  | 
| Build / train | 76 |  | 
| ESC pressed | 1 |  | 
| Enter build submenu | 18 |  | 
| Enter hero's abilities submenu | 11 |  | 
| Give item / drop item | 8 |  | 
| Right click | 950 |  | 
| Select / deselect | 519 |  | 
| Select group hotkey | 702 |  | 
| Use ability | 142 |  | 
                2732 total
 » units 
                
                | Acolyte | 9 |  | 
| Ghoul | 2 |  | 
| Crypt Fiend | 12 |  | 
| Obsidian Statue | 4 |  | 
| Frost Wyrm | 2 |  | 
| Forest Troll Berserker | 1 |  | 
| Abomination | 2 |  | 
                32 total
 » upgrades
                
                | Burrow | 1 |  | 
| Destroyer Form | 1 |  | 
| Creature Attack | 3 |  | 
| Web | 1 |  | 
| Creature Carapace | 1 |  | 
                7 total
 » buildings
                
                | Altar of Darkness | 1 |  | 
| Ziggurat | 6 |  | 
| Crypt | 2 |  | 
| Tomb of Relics | 1 |  | 
| Graveyard | 1 |  | 
| Nerubian Tower | 1 |  | 
| Halls of the Dead | 1 |  | 
| Black Citadel | 1 |  | 
| Slaughterhouse | 1 |  | 
| Sacrificial Pit | 1 |  | 
| Boneyard | 1 |  | 
                17 total
 » build order
                00:07 Altar of Darkness
00:11 Ziggurat
00:34 Crypt
00:39 Crypt
01:00 Tomb of Relics
01:20 Graveyard
02:27 Nerubian Tower
02:48 Halls of the Dead
03:09 Ziggurat
04:38 Ziggurat
05:12 Black Citadel
05:39 Slaughterhouse
07:00 Ziggurat
09:26 Sacrificial Pit
11:05 Boneyard
11:10 Ziggurat
12:05 Ziggurat
» items
                
                | Rod of Necromancy | 3 |  | 
| Dust of Appearance | 1 |  | 
| Orb of Corruption | 1 |  | 
| Potion of Lesser Invulnerability | 5 |  | 
| Scroll of Healing | 3 |  | 
| Scroll of Protection | 1 |  | 
| Scroll of Town Portal | 3 |  | 
| Potion of Healing | 1 |  | 
| Potion of Mana | 1 |  | 
                19 total
  
               observersHighUpInTheSKY, 
Rebuke[Skynet] Chat log
          (00:07 / All) TIMG4STRok: gg gl
(00:15 / All) s.kb)iMMorTaL.: hf
(00:21 / All) s.kb)iMMorTaL.: didn't you wanna watch football
(00:33 / All) TIMG4STRok: nobody interesting is playing right now
(00:46 / All) TIMG4STRok: 4pm is the good games
(02:07 / All) s.kb)iMMorTaL.: a base like that is asking for a ghoulrush
(02:12 / All) TIMG4STRok: you went gy
(24:13 / All) TIMG4STRok: man i got blink level 3 by accident how embarrassing
(27:13 / All) s.kb)iMMorTaL.: gg